Senators vs Bears
Created - May 3, 2021 at 21:58
Goals
|
| Senators |
0 |
2 |
1 |
3 |
| Bears |
4 |
2 |
1 |
7 |
|
Shots
|
| Senators |
7 |
13 |
10 |
30 |
| Bears |
16 |
18 |
5 |
39 |
|
1st period
1. Bears , Trevor Lewis 27 (Mikko Vainonen 33, Angelo Esposito 22) at 1:45
2. Bears , Austin Poganski 13 (Jamie McGinn 24, Brayden Point 41) at 3:19
3. Bears , Brayden Point 27 (Jamie McGinn 25, Mikko Vainonen 34) at 6:47
4. Bears , Austin Poganski 14 (Jamie McGinn 26, Brayden Point 42) at 19:59
Penalties :
Tomas Jurco (Bel) for Tripping (Minor) at 7:10
2nd period
5. Bears , Dany Roussin 44 (William Karlsson 77, Colton Sceviour 18) at 1:46
6. Senators , Jake Evans 9 (Grant Besse 17) at 9:00
7. Bears , Gianluca Curcuruto 7 (Trevor Lewis 36, Mikko Vainonen 35) at 13:44
8. Senators , Tomas Jurco 18 (Zemgus Girgensons 23, Chandler Stephenson 19) at 14:23
Penalties :
Chandler Stephenson (Bel) for Hooking (Minor) at 2:08, Gianluca Curcuruto (Her) for Hooking (Minor) at 16:32
3rd period
9. Bears , Trevor Lewis 28 (Angelo Esposito 23) at 0:32
10. Senators , Zemgus Girgensons 23 (Tomas Jurco 34) at 12:23
Penalties :
Chandler Stephenson (Bel) for Hooking (Minor) at 1:58, Jake Evans (Bel) for Hooking (Minor) at 9:31, Austin Poganski (Her) for Slashing (Minor) at 14:54
Goalie Stats
Justin Peters (Bel), 12 saves from 16 shots - (0.750), L, 27-28-3, 19:59 minutes
Sami Aittokallio (Bel), 20 saves from 23 shots - (0.870), 40:01 minutes
Niklas Treutle (Her), 27 saves from 30 shots - (0.900), W, 22-28-7, 60:00 minutes
Players Stats for Senators
Player Name G A P +/- PIM S H SB GA TA FO MP PP MP PK MP
------------------------------------------------------------------------------------
Adam Ollas-Mattsson 0 0 0 -1 0 0 0 0 0 0 0/0 4:39 0:00 0:00
Anthony Richard 0 0 0 -1 0 3 0 0 1 0 0/1 10:01 0:00 0:00
Brett Bulmer 0 0 0 -1 0 3 1 0 0 0 0/0 10:01 0:00 0:00
Chandler Stephenson 0 1 1 2 4 1 1 0 0 0 3/8 13:23 1:49 0:00
Dylan Blujus 0 0 0 -1 0 0 1 0 1 0 0/0 22:54 2:19 4:08
Eric Mestery 0 0 0 -3 0 0 2 2 1 1 0/0 19:17 1:39 3:48
Grant Besse 0 1 1 0 0 1 0 0 0 0 0/0 11:29 0:10 0:00
Jack Dougherty 0 0 0 -2 0 0 2 1 0 0 0/0 19:20 1:39 3:48
Jake Evans 1 0 1 0 2 5 4 0 0 0 0/6 13:06 0:00 1:54
Joel Eriksson Ek 0 0 0 0 0 0 0 0 0 0 0/0 0:19 0:10 0:00
Jonathan Ferland 0 0 0 -5 0 1 2 1 0 0 4/7 21:26 1:59 4:16
Joonas Lyytinen 0 0 0 0 0 1 0 1 0 0 0/0 13:46 0:00 0:00
Kevin Rooney 0 0 0 -5 0 1 0 1 0 0 10/20 18:31 1:59 1:05
Kyle Connor 0 0 0 0 0 0 0 0 0 0 0/0 11:50 0:10 0:20
Philippe Myers 0 0 0 0 0 0 0 0 0 1 0/0 13:56 0:00 0:00
Scott Harrington 0 0 0 -1 0 3 1 1 0 1 0/0 26:08 2:19 4:08
Tomas Jurco 1 1 2 2 2 5 1 0 0 0 0/0 16:41 1:49 3:16
Warren Foegele 0 0 0 -1 0 1 0 0 0 0 0/0 10:01 0:00 0:00
Zachary Sanford 0 0 0 -5 0 4 3 0 0 0 1/2 18:50 1:59 1:45
Zemgus Girgensons 1 1 2 2 0 1 2 2 1 0 1/1 16:22 1:49 3:16
Players Stats for Bears
Player Name G A P +/- PIM S H SB GA TA FO MP PP MP PK MP
------------------------------------------------------------------------------------
Angelo Esposito 0 2 2 2 0 1 1 0 0 0 1/2 15:17 0:00 0:00
Artturi Lehkonen 0 0 0 2 0 0 1 0 0 0 0/0 12:48 0:00 0:00
Artur Gavrus 0 0 0 0 0 0 0 0 0 0 0/0 0:00 0:00 0:00
Austin Poganski 2 0 2 1 2 3 1 2 0 0 0/0 19:28 3:04 0:00
Brayden Point 1 2 3 1 0 8 3 1 0 1 7/12 20:20 3:04 0:50
Colby Cave 0 0 0 0 0 0 0 0 0 0 0/0 0:00 0:00 0:00
Colton Sceviour 0 1 1 1 0 2 1 1 0 0 0/2 18:35 3:50 0:00
Dany Roussin 1 0 1 1 0 4 3 0 1 0 0/0 20:48 3:53 2:10
Emil Johansson 0 0 0 0 0 1 0 1 0 1 0/0 20:42 3:31 1:34
Gianluca Curcuruto 1 0 1 5 2 3 4 4 0 0 0/0 24:37 4:25 1:09
Jakob Lilja 0 0 0 0 0 0 0 0 0 0 0/0 2:19 0:49 0:58
Jamie McGinn 0 3 3 1 0 6 1 1 1 0 0/0 19:19 3:04 0:00
Jarrod Maidens 0 0 0 0 0 0 0 0 0 0 0/0 0:00 0:00 0:00
Jesper Pettersson 0 0 0 0 0 2 1 0 1 1 0/0 20:38 3:31 1:29
Mackenze Stewart 0 0 0 -1 0 0 0 1 0 0 0/0 14:36 0:00 1:11
Mikko Vainonen 0 3 3 5 0 2 1 1 0 0 0/0 25:02 4:25 2:20
Nikolay Prokhorkin 0 0 0 0 0 0 0 0 0 0 0/0 4:34 0:27 0:00
Ryan Graves 0 0 0 -1 0 0 1 2 0 0 0/0 14:38 0:13 0:13
Trevor Lewis 2 1 3 2 0 5 2 0 0 0 6/8 13:49 0:00 0:50
Vincent Dunn 0 0 0 0 0 0 0 0 0 0 0/0 1:39 0:39 0:58
William Karlsson 0 1 1 1 0 2 1 0 0 1 12/21 22:33 3:47 2:10
Zach Stepan 0 0 0 0 0 0 0 0 0 0 0/0 4:18 0:58 0:00
3 Stars
1 - Trevor Lewis (Her)
2 - Mikko Vainonen (Her)
3 - Brayden Point (Her)
Power Play
Senators - 0 on 2 Attempt(s) - 0.00%
Bears - 0 on 4 Attempt(s) - 0.00%
Penalty Kill
Senators - 4 on 4 Attempt(s) - 100.00%
- Score 0 goal in Penalty Kill
Bears - 2 on 2 Attempt(s) - 100.00%
- Score 0 goal in Penalty Kill
Team Stat
Senators - Hits : 20 - Faceoff Wins : 19 - Blocked Shots : 9 - Penalty Minutes : 8
Bears - Hits : 21 - Faceoff Wins : 26 - Blocked Shots : 14 - Penalty Minutes : 4
Official
Referees : Unknown
Linesman : Unknown
Game Notes
Sami Aittokallio enters game at 19:59 of 1st period
Finance
Level 1 -- Attendance: 1389 (69.45%) -- Ticket Income $55,560
Level 2 -- Attendance: 673 (67.30%) -- Ticket Income $13,460
Total Attendance: 2062 (68.73%)
Total Ticket Income: $69,020
Other Income: $3,451
Total Income: $72,471
Senators
5 vs 5 Forward
Center Left Wing Right Wing Time % Phy DF OF
1 Kevin Rooney Zachary Sanford Jonathan Ferland 40 1 2 2
2 Chandler Stephenson Zemgus Girgensons Tomas Jurco 30 1 2 2
3 Jake Evans Kyle Connor Grant Besse 20 1 2 2
4 Anthony Richard Warren Foegele Brett Bulmer 10 1 2 2
5 vs 5 Defense
Defense Defense Time % Phy DF OF
1 Scott Harrington Dylan Blujus 40 1 2 2
2 Eric Mestery Jack Dougherty 30 1 2 2
3 Philippe Myers Joonas Lyytinen 20 1 2 2
4 Adam Ollas-Mattsson Scott Harrington 10 1 2 2
PowerPlay Forward
Center Left Wing Right Wing Time % Phy DF OF
1 Kevin Rooney Zachary Sanford Jonathan Ferland 60 1 2 2
2 Chandler Stephenson Zemgus Girgensons Tomas Jurco 40 1 2 2
PowerPlay Defense
Defense Defense Time % Phy DF OF
1 Scott Harrington Dylan Blujus 60 1 2 2
2 Eric Mestery Jack Dougherty 40 1 2 2
Penalty Kill 4 Players Forward
Center Wing Time % Phy DF OF
1 Jonathan Ferland Tomas Jurco 60 1 2 2
2 Zachary Sanford Zemgus Girgensons 40 1 2 2
Penalty Kill 4 Players Defense
Defense Defense Time % Phy DF OF
1 Scott Harrington Dylan Blujus 60 1 2 2
2 Eric Mestery Jack Dougherty 40 1 2 2
Penalty Kill - 3 Players Forward
Forward Time % Phy DF OF
1 Jonathan Ferland 60 1 2 2
2 Tomas Jurco 40 1 2 2
Penalty Kill - 3 Players Defense
Defense Defense Time % Phy DF OF
1 Scott Harrington Dylan Blujus 60 1 2 2
2 Eric Mestery Jack Dougherty 40 1 2 2
4 vs 4 Forward
Center Wing Time % Phy DF OF
1 Jonathan Ferland Tomas Jurco 60 1 2 2
2 Zachary Sanford Zemgus Girgensons 40 1 2 2
4 vs 4 Defense
Defense Defense Time % Phy DF OF
1 Scott Harrington Dylan Blujus 60 1 2 2
2 Eric Mestery Jack Dougherty 40 1 2 2
Last Minutes Offensive
Center Left Wing Right Wing Defense Defense
Kevin Rooney Zachary Sanford Jonathan Ferland Scott Harrington Dylan Blujus
Last Minutes Defensive
Center Left Wing Right Wing Defense Defense
Kevin Rooney Zachary Sanford Jonathan Ferland Scott Harrington Dylan Blujus
Goaltenders
Starting : Justin Peters
Backup : Sami Aittokallio
Extra Forwards
Normal : Joel Eriksson Ek, Kyle Connor, Jake Evans - PP : Joel Eriksson Ek, Kyle Connor - PK : Jake Evans
Extra Defensemen
Normal : Philippe Myers, Joonas Lyytinen, Adam Ollas-Mattsson - PP : Philippe Myers - PK : Joonas Lyytinen, Adam Ollas-Mattsson
Penalty Shots
Jonathan Ferland, Tomas Jurco, Zachary Sanford, Zemgus Girgensons, Kevin Rooney
Scratches
Jordan Schroeder (Healthy), Zach Nastasiuk (Healthy), Jonas Siegenthaler (Healthy), Mason Geertsen (Healthy), Nathan Gerbe (Healthy)
Blake Coleman (Healthy), Keegan Lowe (Left Forearm Injury), Branden Troock (Healthy), Nick Foligno (Healthy), Gustav Forsling (Healthy)
A.J. Jenks (Healthy), Maxim Letunov (Healthy), Pontus Sjalin (Healthy), Keven Bouchard (Healthy)
Bears
5 vs 5 Forward
Center Left Wing Right Wing Time % Phy DF OF
1 William Karlsson Dany Roussin Colton Sceviour 40 1 2 2
2 Brayden Point Jamie McGinn Austin Poganski 30 1 2 2
3 Trevor Lewis Artturi Lehkonen Angelo Esposito 20 1 2 2
4 Angelo Esposito Nikolay Prokhorkin William Karlsson 10 1 2 2
5 vs 5 Defense
Defense Defense Time % Phy DF OF
1 Mikko Vainonen Gianluca Curcuruto 40 1 2 2
2 Emil Johansson Jesper Pettersson 30 1 2 2
3 Ryan Graves Mackenze Stewart 20 1 2 2
4 Mikko Vainonen Gianluca Curcuruto 10 1 2 2
PowerPlay Forward
Center Left Wing Right Wing Time % Phy DF OF
1 William Karlsson Dany Roussin Colton Sceviour 60 1 2 2
2 Brayden Point Jamie McGinn Austin Poganski 40 1 2 2
PowerPlay Defense
Defense Defense Time % Phy DF OF
1 Mikko Vainonen Gianluca Curcuruto 60 1 2 2
2 Emil Johansson Jesper Pettersson 40 1 2 2
Penalty Kill 4 Players Forward
Center Wing Time % Phy DF OF
1 William Karlsson Dany Roussin 60 1 2 2
2 Brayden Point Trevor Lewis 40 1 2 2
Penalty Kill 4 Players Defense
Defense Defense Time % Phy DF OF
1 Mikko Vainonen Gianluca Curcuruto 60 1 2 2
2 Emil Johansson Jesper Pettersson 40 1 2 2
Penalty Kill - 3 Players Forward
Forward Time % Phy DF OF
1 William Karlsson 60 1 2 2
2 Dany Roussin 40 1 2 2
Penalty Kill - 3 Players Defense
Defense Defense Time % Phy DF OF
1 Mikko Vainonen Gianluca Curcuruto 60 1 2 2
2 Emil Johansson Jesper Pettersson 40 1 2 2
4 vs 4 Forward
Center Wing Time % Phy DF OF
1 William Karlsson Dany Roussin 60 1 2 2
2 Brayden Point Trevor Lewis 40 1 2 2
4 vs 4 Defense
Defense Defense Time % Phy DF OF
1 Mikko Vainonen Gianluca Curcuruto 60 1 2 2
2 Emil Johansson Jesper Pettersson 40 1 2 2
Last Minutes Offensive
Center Left Wing Right Wing Defense Defense
William Karlsson Dany Roussin Colton Sceviour Mikko Vainonen Gianluca Curcuruto
Last Minutes Defensive
Center Left Wing Right Wing Defense Defense
William Karlsson Dany Roussin Colton Sceviour Mikko Vainonen Gianluca Curcuruto
Goaltenders
Starting : Niklas Treutle
Backup : Sergei Kostenko
Extra Forwards
Normal : Zach Stepan, Jakob Lilja, Vincent Dunn - PP : Zach Stepan, Jakob Lilja - PK : Vincent Dunn
Extra Defensemen
Normal : Ryan Graves, Mackenze Stewart, Emil Johansson - PP : Ryan Graves - PK : Mackenze Stewart, Emil Johansson
Penalty Shots
William Karlsson, Dany Roussin, Brayden Point, Trevor Lewis, Jamie McGinn
Scratches
Mike Hoffman (Bruised Left Leg Injury), Brock McGinn (Left Knee Injury), Hugo Fagerblom (Healthy)
% Time on Ice - Senators
Lines # - Real PCT - Wanted PCT - Time Play
Normal Forward
1 - 33% - 40% - 15:41
2 - 23% - 30% - 11:14
3 - 23% - 20% - 11:10
4 - 21% - 10% - 10:01
Normal Defense
1 - 34% - 40% - 16:27
2 - 29% - 30% - 13:50
3 - 29% - 20% - 13:46
4 - 8% - 10% - 4:03
PP Forward
1 - 54% - 60% - 2:09
2 - 46% - 40% - 1:49
PP Defense
1 - 58% - 60% - 2:19
2 - 42% - 40% - 1:39
PK Forward
1 - 78% - 60% - 6:11
2 - 22% - 40% - 1:45
PK Defense
1 - 52% - 60% - 4:08
2 - 48% - 40% - 3:48
PK3 Forward
1 - 0% - 60%
2 - 0% - 40%
PK3 Defense
1 - 0% - 60%
2 - 0% - 40%
44 Forward
1 - 0% - 60%
2 - 0% - 40%
44 Defense
1 - 0% - 60%
2 - 0% - 40%
Last Minute Offensive - 0:00
Last Minute Defensive - 0:00
Total
Forward - 60:00
Defense - 60:00
|
% Time on Ice - Bears
Lines # - Real PCT - Wanted PCT - Time Play
Normal Forward
1 - 31% - 40% - 14:47
2 - 34% - 30% - 16:26
3 - 27% - 20% - 12:48
4 - 8% - 10% - 4:05
Normal Defense
1 - 34% - 40% - 16:30
2 - 32% - 30% - 15:37
3 - 28% - 20% - 13:25
4 - 5% - 10% - 2:34
PP Forward
1 - 61% - 60% - 4:52
2 - 39% - 40% - 3:04
PP Defense
1 - 56% - 60% - 4:25
2 - 44% - 40% - 3:31
PK Forward
1 - 79% - 60% - 3:08
2 - 21% - 40% - 0:50
PK Defense
1 - 64% - 60% - 2:33
2 - 36% - 40% - 1:25
PK3 Forward
1 - 0% - 60%
2 - 0% - 40%
PK3 Defense
1 - 0% - 60%
2 - 0% - 40%
44 Forward
1 - 0% - 60%
2 - 0% - 40%
44 Defense
1 - 0% - 60%
2 - 0% - 40%
Last Minute Offensive - 0:00
Last Minute Defensive - 0:00
Total
Forward - 60:00
Defense - 60:00
|
Play-by-Play
1st period
0:01 of 1st period - Kevin Rooney wins face-off versus William Karlsson in neutral zone.
0:12 of 1st period - Slapshot by Zachary Sanford.
0:12 of 1st period - Shot Misses the Net.
0:26 of 1st period - Jamie McGinn is hit by Tomas Jurco and loses puck.
1:30 of 1st period - Off-side.
1:31 of 1st period - Trevor Lewis wins face-off versus Jake Evans in neutral zone.
1:35 of 1st period - Icing by Eric Mestery.
1:36 of 1st period - Trevor Lewis wins face-off versus Jake Evans in Senators zone.
1:39 of 1st period - Wrist shot by Angelo Esposito.
1:39 of 1st period - Shot Blocked by Eric Mestery.
1:41 of 1st period - Slapshot by Mikko Vainonen.
1:41 of 1st period - Deflect By Grant Besse.
1:41 of 1st period - Stopped by Justin Peters with a rebound.
1:43 of 1st period - Slapshot by Mikko Vainonen.
1:43 of 1st period - Shot Misses the Net.
1:45 of 1st period - Snap shot by Trevor Lewis.
1:45 of 1st period - Goal by Trevor Lewis - Senators : 0 - Bears : 1.
1:46 of 1st period - Angelo Esposito wins face-off versus Kevin Rooney in neutral zone.
1:49 of 1st period - Joonas Lyytinen is hit by Gianluca Curcuruto and loses puck.
2:12 of 1st period - Anthony Richard is hit by Gianluca Curcuruto.
2:20 of 1st period - Wrist shot by Anthony Richard.
2:20 of 1st period - Stopped by Niklas Treutle with a rebound.
2:22 of 1st period - Wrist shot by Warren Foegele.
2:22 of 1st period - Stopped by Niklas Treutle without a rebound.
2:23 of 1st period - Kevin Rooney wins face-off versus William Karlsson in Bears zone.
2:52 of 1st period - Slapshot by Jake Evans.
2:52 of 1st period - Stopped by Niklas Treutle without a rebound.
2:53 of 1st period - Brayden Point wins face-off versus Anthony Richard in Bears zone.
3:00 of 1st period - Scott Harrington is hit by Gianluca Curcuruto and loses puck.
3:05 of 1st period - Snap shot by Brayden Point.
3:05 of 1st period - Shot Misses the Net.
3:11 of 1st period - Snap shot by Brayden Point.
3:11 of 1st period - Stopped by Justin Peters with a rebound.
3:13 of 1st period - Wrist shot by Jamie McGinn.
3:13 of 1st period - Shot Misses the Net.
3:15 of 1st period - Snap shot by Jamie McGinn.
3:15 of 1st period - Shot Misses the Net.
3:17 of 1st period - Wrist shot by Brayden Point.
3:17 of 1st period - Deflect By Jamie McGinn.
3:17 of 1st period - Stopped by Justin Peters with a rebound.
3:19 of 1st period - Slapshot by Austin Poganski.
3:19 of 1st period - Goal by Austin Poganski - Senators : 0 - Bears : 2.
3:20 of 1st period - Kevin Rooney wins face-off versus William Karlsson in neutral zone.
4:28 of 1st period - Anthony Richard is hit by Dany Roussin and loses puck.
5:11 of 1st period - Snap shot by Kyle Connor.
5:11 of 1st period - Shot Blocked by Jamie McGinn.
5:13 of 1st period - Slapshot by Scott Harrington.
5:13 of 1st period - Stopped by Niklas Treutle without a rebound.
5:14 of 1st period - William Karlsson wins face-off versus Kevin Rooney in Bears zone.
5:19 of 1st period - Jack Dougherty is hit by Dany Roussin and loses puck.
5:40 of 1st period - Trevor Lewis is hit by Zemgus Girgensons and loses puck.
6:11 of 1st period - Icing by Austin Poganski.
6:12 of 1st period - Kevin Rooney wins face-off versus Brayden Point in Bears zone.
6:23 of 1st period - Snap shot by Brayden Point.
6:23 of 1st period - Shot Misses the Net.
6:35 of 1st period - Snap shot by Austin Poganski.
6:35 of 1st period - Shot Blocked by Kevin Rooney.
6:37 of 1st period - Snap shot by Austin Poganski.
6:37 of 1st period - Stopped by Justin Peters with a rebound.
6:39 of 1st period - Slapshot by Gianluca Curcuruto.
6:39 of 1st period - Deflect By Jonathan Ferland.
6:39 of 1st period - Stopped by Justin Peters with a rebound.
6:41 of 1st period - Slapshot by Mikko Vainonen.
6:41 of 1st period - Stopped by Justin Peters with a rebound.
6:43 of 1st period - Snap shot by Jamie McGinn.
6:43 of 1st period - Shot Blocked by Jack Dougherty.
6:45 of 1st period - Slapshot by Jamie McGinn.
6:45 of 1st period - Stopped by Justin Peters with a rebound.
6:47 of 1st period - Snap shot by Brayden Point.
6:47 of 1st period - Goal by Brayden Point - Senators : 0 - Bears : 3.
6:48 of 1st period - William Karlsson wins face-off versus Chandler Stephenson in neutral zone.
7:10 of 1st period - Minor Penalty to Tomas Jurco for Tripping.
7:11 of 1st period - Jonathan Ferland wins face-off versus Colton Sceviour in Senators zone.
7:40 of 1st period - Snap shot by Brayden Point.
7:40 of 1st period - Stopped by Justin Peters with a rebound.
7:42 of 1st period - Snap shot by Mikko Vainonen.
7:42 of 1st period - Shot Blocked by Jonathan Ferland.
7:44 of 1st period - Slapshot by Gianluca Curcuruto.
7:44 of 1st period - Shot Misses the Net.
7:46 of 1st period - Snap shot by Jamie McGinn.
7:46 of 1st period - Stopped by Justin Peters without a rebound.
7:47 of 1st period - Jonathan Ferland wins face-off versus William Karlsson in Senators zone.
9:10 of 1st period - Penalty to Tomas Jurco is over, Tomas Jurco is back on ice.
9:25 of 1st period - Snap shot by Angelo Esposito.
9:25 of 1st period - Shot Blocked by Joonas Lyytinen.
9:35 of 1st period - Nikolay Prokhorkin is hit by Jake Evans.
10:32 of 1st period - Trevor Lewis is hit by Chandler Stephenson and loses puck.
10:51 of 1st period - Slapshot by Zachary Sanford.
10:51 of 1st period - Stopped by Niklas Treutle with a rebound.
10:53 of 1st period - Snap shot by Jonathan Ferland.
10:53 of 1st period - Stopped by Niklas Treutle without a rebound.
10:54 of 1st period - William Karlsson wins face-off versus Zachary Sanford in Bears zone.
12:04 of 1st period - Snap shot by Brayden Point.
12:04 of 1st period - Stopped by Justin Peters without a rebound.
12:05 of 1st period - Kevin Rooney wins face-off versus Colton Sceviour in Senators zone.
13:16 of 1st period - Grant Besse is hit by William Karlsson.
13:41 of 1st period - William Karlsson is hit by Zachary Sanford and loses puck.
14:31 of 1st period - Snap shot by Grant Besse.
14:31 of 1st period - Shot Blocked by Gianluca Curcuruto.
15:02 of 1st period - Emil Johansson is hit by Eric Mestery and loses puck.
15:56 of 1st period - Snap shot by Zachary Sanford.
15:56 of 1st period - Shot Misses the Net.
17:22 of 1st period - Angelo Esposito is hit by Zachary Sanford.
17:44 of 1st period - Austin Poganski is hit by Scott Harrington and loses puck.
18:40 of 1st period - Artturi Lehkonen is hit by Jake Evans and loses puck.
19:32 of 1st period - Zach Stepan is hit by Brett Bulmer and loses puck.
19:37 of 1st period - Slapshot by Anthony Richard.
19:37 of 1st period - Stopped by Niklas Treutle without a rebound.
19:38 of 1st period - Trevor Lewis wins face-off versus Kevin Rooney in Bears zone.
19:55 of 1st period - Snap shot by Brayden Point.
19:55 of 1st period - Stopped by Justin Peters with a rebound.
19:57 of 1st period - Slapshot by Jamie McGinn.
19:57 of 1st period - Stopped by Justin Peters with a rebound.
19:59 of 1st period - Snap shot by Austin Poganski.
19:59 of 1st period - Goal by Austin Poganski - Senators : 0 - Bears : 4.
19:59 of 1st period - Sami Aittokallio enters game.
Goals for this period are 0 for Senators vs 4 for Bears.
Shots for this period are 7 for Senators vs 16 for Bears.
2nd period
0:01 of 2nd period - William Karlsson wins face-off versus Kevin Rooney in neutral zone.
0:08 of 2nd period - Snap shot by William Karlsson.
0:08 of 2nd period - Stopped by Sami Aittokallio without a rebound.
0:09 of 2nd period - Kevin Rooney wins face-off versus William Karlsson in Senators zone.
0:26 of 2nd period - Snap shot by Zachary Sanford.
0:26 of 2nd period - Stopped by Niklas Treutle with a rebound.
0:48 of 2nd period - Snap shot by Dany Roussin.
0:48 of 2nd period - Shot Blocked by Scott Harrington.
0:50 of 2nd period - Snap shot by Colton Sceviour.
0:50 of 2nd period - Shot Misses the Net.
1:46 of 2nd period - Slapshot by Dany Roussin.
1:46 of 2nd period - Goal by Dany Roussin - Senators : 0 - Bears : 5.
1:47 of 2nd period - Brayden Point wins face-off versus Chandler Stephenson in neutral zone.
1:52 of 2nd period - Snap shot by Brayden Point.
1:52 of 2nd period - Shot Misses the Net.
1:54 of 2nd period - Slapshot by Emil Johansson.
1:54 of 2nd period - Shot Blocked by Zemgus Girgensons.
1:56 of 2nd period - Wrist shot by Jamie McGinn.
1:56 of 2nd period - Stopped by Sami Aittokallio with a rebound.
1:58 of 2nd period - Slapshot by Emil Johansson.
1:58 of 2nd period - Deflect By Zemgus Girgensons.
1:58 of 2nd period - Stopped by Sami Aittokallio with a rebound.
2:00 of 2nd period - Snap shot by Jesper Pettersson.
2:00 of 2nd period - Stopped by Sami Aittokallio with a rebound.
2:02 of 2nd period - Snap shot by Brayden Point.
2:02 of 2nd period - Shot Misses the Net.
2:08 of 2nd period - Minor Penalty to Chandler Stephenson for Hooking.
2:09 of 2nd period - Brayden Point wins face-off versus Jonathan Ferland in Senators zone.
2:18 of 2nd period - Snap shot by Jamie McGinn.
2:18 of 2nd period - Stopped by Sami Aittokallio without a rebound.
2:19 of 2nd period - Jonathan Ferland wins face-off versus Brayden Point in Senators zone.
4:08 of 2nd period - Penalty to Chandler Stephenson is over, Chandler Stephenson is back on ice.
4:24 of 2nd period - Wrist shot by Tomas Jurco.
4:24 of 2nd period - Stopped by Niklas Treutle without a rebound.
4:25 of 2nd period - Trevor Lewis wins face-off versus Jake Evans in Bears zone.
5:06 of 2nd period - Wrist shot by Zachary Sanford.
5:06 of 2nd period - Deflect By Jonathan Ferland.
5:06 of 2nd period - Shot Misses the Net.
5:06 of 2nd period - Puck is out of play.
5:07 of 2nd period - Jonathan Ferland wins face-off versus Angelo Esposito in Bears zone.
5:44 of 2nd period - Backhand shot by Scott Harrington.
5:44 of 2nd period - Stopped by Niklas Treutle without a rebound.
5:45 of 2nd period - William Karlsson wins face-off versus Chandler Stephenson in Bears zone.
6:12 of 2nd period - Austin Poganski is hit by Zachary Sanford and loses puck.
6:19 of 2nd period - Snap shot by Gianluca Curcuruto.
6:19 of 2nd period - Stopped by Sami Aittokallio with a rebound.
6:35 of 2nd period - Dylan Blujus is hit by Trevor Lewis.
6:39 of 2nd period - Scott Harrington is hit by Artturi Lehkonen and loses puck.
6:56 of 2nd period - Snap shot by William Karlsson.
6:56 of 2nd period - Shot Misses the Net.
8:03 of 2nd period - Slapshot by Jonathan Ferland.
8:03 of 2nd period - Shot Blocked by Gianluca Curcuruto.
8:05 of 2nd period - Slapshot by Joonas Lyytinen.
8:05 of 2nd period - Stopped by Niklas Treutle without a rebound.
8:06 of 2nd period - Zemgus Girgensons wins face-off versus Trevor Lewis in Bears zone.
8:53 of 2nd period - Jamie McGinn is hit by Jake Evans and loses puck.
8:58 of 2nd period - Snap shot by Jake Evans.
8:58 of 2nd period - Stopped by Niklas Treutle with a rebound.
9:00 of 2nd period - Snap shot by Jake Evans.
9:00 of 2nd period - Goal by Jake Evans - Senators : 1 - Bears : 5.
9:01 of 2nd period - Chandler Stephenson wins face-off versus William Karlsson in neutral zone.
9:08 of 2nd period - Wrist shot by Tomas Jurco.
9:08 of 2nd period - Stopped by Niklas Treutle with a rebound.
11:22 of 2nd period - Slapshot by Tomas Jurco.
11:22 of 2nd period - Stopped by Niklas Treutle with a rebound.
11:24 of 2nd period - Slapshot by Tomas Jurco.
11:24 of 2nd period - Stopped by Niklas Treutle without a rebound.
11:25 of 2nd period - Chandler Stephenson wins face-off versus Brayden Point in Bears zone.
11:48 of 2nd period - Kevin Rooney is hit by Dany Roussin and loses puck.
12:09 of 2nd period - Wrist shot by Angelo Esposito.
12:09 of 2nd period - Deflect By Trevor Lewis.
12:09 of 2nd period - Stopped by Sami Aittokallio with a rebound.
12:21 of 2nd period - Snap shot by Jamie McGinn.
12:21 of 2nd period - Shot Misses the Net.
12:31 of 2nd period - Zemgus Girgensons is hit by Gianluca Curcuruto.
12:36 of 2nd period - Off-side.
12:37 of 2nd period - Kevin Rooney wins face-off versus Trevor Lewis in neutral zone.
12:44 of 2nd period - Snap shot by Trevor Lewis.
12:44 of 2nd period - Shot Misses the Net.
12:46 of 2nd period - Snap shot by Jesper Pettersson.
12:46 of 2nd period - Stopped by Sami Aittokallio with a rebound.
12:48 of 2nd period - Wrist shot by Trevor Lewis.
12:48 of 2nd period - Stopped by Sami Aittokallio with a rebound.
13:02 of 2nd period - Chandler Stephenson is hit by Austin Poganski.
13:06 of 2nd period - Wrist shot by Brayden Point.
13:06 of 2nd period - Stopped by Sami Aittokallio with a rebound.
13:20 of 2nd period - Snap shot by Kyle Connor.
13:20 of 2nd period - Shot Misses the Net.
13:42 of 2nd period - Snap shot by Trevor Lewis.
13:42 of 2nd period - Stopped by Sami Aittokallio with a rebound.
13:44 of 2nd period - Slapshot by Gianluca Curcuruto.
13:44 of 2nd period - Goal by Gianluca Curcuruto - Senators : 1 - Bears : 6.
13:45 of 2nd period - William Karlsson wins face-off versus Kevin Rooney in neutral zone.
14:10 of 2nd period - Jamie McGinn is hit by Dylan Blujus and loses puck.
14:15 of 2nd period - Wrist shot by Chandler Stephenson.
14:15 of 2nd period - Stopped by Niklas Treutle with a rebound.
14:23 of 2nd period - Snap shot by Tomas Jurco.
14:23 of 2nd period - Goal by Tomas Jurco - Senators : 2 - Bears : 6.
14:24 of 2nd period - Kevin Rooney wins face-off versus William Karlsson in neutral zone.
14:27 of 2nd period - Snap shot by Zachary Sanford.
14:27 of 2nd period - Shot Misses the Net.
14:33 of 2nd period - Slapshot by Dany Roussin.
14:33 of 2nd period - Stopped by Sami Aittokallio with a rebound.
14:35 of 2nd period - Backhand shot by Colton Sceviour.
14:35 of 2nd period - Stopped by Sami Aittokallio with a rebound.
14:37 of 2nd period - Snap shot by William Karlsson.
14:37 of 2nd period - Stopped by Sami Aittokallio with a rebound.
14:39 of 2nd period - Snap shot by Dany Roussin.
14:39 of 2nd period - Stopped by Sami Aittokallio without a rebound.
14:40 of 2nd period - Brayden Point wins face-off versus Chandler Stephenson in Senators zone.
14:53 of 2nd period - Slapshot by Dylan Blujus.
14:53 of 2nd period - Shot Blocked by Gianluca Curcuruto.
14:55 of 2nd period - Slapshot by Scott Harrington.
14:55 of 2nd period - Shot Misses the Net.
15:24 of 2nd period - Dany Roussin is hit by Jack Dougherty and loses puck.
16:19 of 2nd period - Slapshot by Jack Dougherty.
16:19 of 2nd period - Shot Misses the Net.
16:21 of 2nd period - Snap shot by Kevin Rooney.
16:21 of 2nd period - Stopped by Niklas Treutle without a rebound.
16:22 of 2nd period - Kevin Rooney wins face-off versus Brayden Point in Bears zone.
16:32 of 2nd period - Minor Penalty to Gianluca Curcuruto for Hooking.
16:33 of 2nd period - William Karlsson wins face-off versus Kevin Rooney in Bears zone.
17:25 of 2nd period - Slapshot by Trevor Lewis.
17:25 of 2nd period - Shot Misses the Net.
17:57 of 2nd period - Snap shot by Jakob Lilja.
17:57 of 2nd period - Shot Blocked by Zemgus Girgensons.
18:32 of 2nd period - Penalty to Gianluca Curcuruto is over, Gianluca Curcuruto is back on ice.
18:47 of 2nd period - Wrist shot by Anthony Richard.
18:47 of 2nd period - Shot Misses the Net.
18:49 of 2nd period - Slapshot by Philippe Myers.
18:49 of 2nd period - Shot Blocked by Gianluca Curcuruto.
18:51 of 2nd period - Wrist shot by Philippe Myers.
18:51 of 2nd period - Shot Misses the Net.
18:53 of 2nd period - Slapshot by Joonas Lyytinen.
18:53 of 2nd period - Shot Misses the Net.
19:09 of 2nd period - Backhand shot by Angelo Esposito.
19:09 of 2nd period - Stopped by Sami Aittokallio with a rebound.
19:18 of 2nd period - Icing by Joonas Lyytinen.
19:19 of 2nd period - Trevor Lewis wins face-off versus Jake Evans in Senators zone.
19:30 of 2nd period - Snap shot by Grant Besse.
19:30 of 2nd period - Shot Misses the Net.
19:34 of 2nd period - Snap shot by Jake Evans.
19:34 of 2nd period - Stopped by Niklas Treutle with a rebound.
19:36 of 2nd period - Slapshot by Kyle Connor.
19:36 of 2nd period - Shot Misses the Net.
Goals for this period are 2 for Senators vs 2 for Bears.
Shots for this period are 13 for Senators vs 18 for Bears.
3rd period
0:01 of 3rd period - Kevin Rooney wins face-off versus William Karlsson in neutral zone.
0:04 of 3rd period - Slapshot by Zachary Sanford.
0:04 of 3rd period - Stopped by Niklas Treutle with a rebound.
0:10 of 3rd period - Dylan Blujus is hit by Colton Sceviour and loses puck.
0:32 of 3rd period - Snap shot by Trevor Lewis.
0:32 of 3rd period - Goal by Trevor Lewis - Senators : 2 - Bears : 7.
0:33 of 3rd period - Chandler Stephenson wins face-off versus William Karlsson in neutral zone.
1:10 of 3rd period - Snap shot by Zachary Sanford.
1:10 of 3rd period - Stopped by Niklas Treutle with a rebound.
1:12 of 3rd period - Snap shot by Zachary Sanford.
1:12 of 3rd period - Shot Blocked by Mikko Vainonen.
1:14 of 3rd period - Snap shot by Jonathan Ferland.
1:14 of 3rd period - Shot Misses the Net.
1:47 of 3rd period - Slapshot by Gianluca Curcuruto.
1:47 of 3rd period - Shot Misses the Net.
1:49 of 3rd period - Snap shot by Colton Sceviour.
1:49 of 3rd period - Stopped by Sami Aittokallio with a rebound.
1:51 of 3rd period - Snap shot by Dany Roussin.
1:51 of 3rd period - Stopped by Sami Aittokallio without a rebound.
1:52 of 3rd period - Brayden Point wins face-off versus Chandler Stephenson in Senators zone.
1:58 of 3rd period - Minor Penalty to Chandler Stephenson for Hooking.
1:59 of 3rd period - William Karlsson wins face-off versus Jonathan Ferland in Senators zone.
2:34 of 3rd period - Snap shot by Brayden Point.
2:34 of 3rd period - Deflect By Jonathan Ferland.
2:34 of 3rd period - Stopped by Sami Aittokallio with a rebound.
2:36 of 3rd period - Snap shot by Austin Poganski.
2:36 of 3rd period - Shot Misses the Net.
3:06 of 3rd period - Slapshot by Zemgus Girgensons.
3:06 of 3rd period - Deflect By Zachary Sanford.
3:06 of 3rd period - Shot Blocked by Austin Poganski.
3:06 of 3rd period - Puck is out of play.
3:07 of 3rd period - Zachary Sanford wins face-off versus Brayden Point in Bears zone.
3:08 of 3rd period - Wrist shot by Zemgus Girgensons.
3:08 of 3rd period - Shot Misses the Net.
3:58 of 3rd period - Penalty to Chandler Stephenson is over, Chandler Stephenson is back on ice.
4:53 of 3rd period - Jonathan Ferland is hit by Angelo Esposito and loses puck.
5:56 of 3rd period - Scott Harrington is hit by Brayden Point and loses puck.
6:15 of 3rd period - Anthony Richard is hit by Jamie McGinn and loses puck.
6:27 of 3rd period - Scott Harrington is hit by Brayden Point and loses puck.
6:34 of 3rd period - Warren Foegele is hit by Brayden Point and loses puck.
6:41 of 3rd period - Wrist shot by Jamie McGinn.
6:41 of 3rd period - Shot Misses the Net.
6:53 of 3rd period - Snap shot by Brett Bulmer.
6:53 of 3rd period - Stopped by Niklas Treutle with a rebound.
6:55 of 3rd period - Snap shot by Philippe Myers.
6:55 of 3rd period - Shot Blocked by Brayden Point.
6:59 of 3rd period - Slapshot by Anthony Richard.
6:59 of 3rd period - Shot Blocked by Austin Poganski.
7:29 of 3rd period - Slapshot by Brayden Point.
7:29 of 3rd period - Stopped by Sami Aittokallio with a rebound.
7:45 of 3rd period - Snap shot by Brett Bulmer.
7:45 of 3rd period - Shot Hit the Post.
7:47 of 3rd period - Slapshot by Warren Foegele.
7:47 of 3rd period - Shot Misses the Net.
8:01 of 3rd period - Snap shot by Anthony Richard.
8:01 of 3rd period - Stopped by Niklas Treutle with a rebound.
8:03 of 3rd period - Snap shot by Anthony Richard.
8:03 of 3rd period - Shot Blocked by Mackenze Stewart.
8:19 of 3rd period - Wrist shot by Anthony Richard.
8:19 of 3rd period - Shot Misses the Net.
8:23 of 3rd period - Snap shot by Anthony Richard.
8:23 of 3rd period - Shot Blocked by Ryan Graves.
8:25 of 3rd period - Snap shot by Brett Bulmer.
8:25 of 3rd period - Stopped by Niklas Treutle with a rebound.
8:27 of 3rd period - Slapshot by Philippe Myers.
8:27 of 3rd period - Shot Blocked by Ryan Graves.
8:29 of 3rd period - Wrist shot by Brett Bulmer.
8:29 of 3rd period - Stopped by Niklas Treutle without a rebound.
8:30 of 3rd period - William Karlsson wins face-off versus Kevin Rooney in Bears zone.
8:41 of 3rd period - Snap shot by Zachary Sanford.
8:41 of 3rd period - Shot Blocked by Colton Sceviour.
8:55 of 3rd period - Zemgus Girgensons is hit by Trevor Lewis and loses puck.
9:31 of 3rd period - Minor Penalty to Jake Evans for Hooking.
9:32 of 3rd period - William Karlsson wins face-off versus Jonathan Ferland in Senators zone.
11:31 of 3rd period - Penalty to Jake Evans is over, Jake Evans is back on ice.
11:41 of 3rd period - Snap shot by Grant Besse.
11:41 of 3rd period - Stopped by Niklas Treutle with a rebound.
11:43 of 3rd period - Slapshot by Scott Harrington.
11:43 of 3rd period - Stopped by Niklas Treutle with a rebound.
11:45 of 3rd period - Wrist shot by Grant Besse.
11:45 of 3rd period - Deflect By Kyle Connor.
11:45 of 3rd period - Shot Blocked by Emil Johansson.
11:45 of 3rd period - Puck is out of play.
11:46 of 3rd period - Trevor Lewis wins face-off versus Jake Evans in Bears zone.
11:57 of 3rd period - Angelo Esposito is hit by Jake Evans.
12:01 of 3rd period - Grant Besse is hit by Ryan Graves and loses puck.
12:18 of 3rd period - Trevor Lewis is hit by Jack Dougherty and loses puck.
12:23 of 3rd period - Snap shot by Zemgus Girgensons.
12:23 of 3rd period - Goal by Zemgus Girgensons - Senators : 3 - Bears : 7.
12:24 of 3rd period - William Karlsson wins face-off versus Kevin Rooney in neutral zone.
13:14 of 3rd period - Snap shot by Grant Besse.
13:14 of 3rd period - Deflect By Jake Evans.
13:14 of 3rd period - Stopped by Niklas Treutle without a rebound.
13:15 of 3rd period - Brayden Point wins face-off versus Jake Evans in Bears zone.
13:28 of 3rd period - Snap shot by Austin Poganski.
13:28 of 3rd period - Shot Blocked by Eric Mestery.
14:17 of 3rd period - Eric Mestery is hit by Jesper Pettersson and loses puck.
14:51 of 3rd period - Off-side.
14:52 of 3rd period - Brayden Point wins face-off versus Kevin Rooney in neutral zone.
14:54 of 3rd period - Minor Penalty to Austin Poganski for Slashing.
14:55 of 3rd period - William Karlsson wins face-off versus Kevin Rooney in Bears zone.
15:20 of 3rd period - William Karlsson is hit by Zemgus Girgensons and loses puck.
15:43 of 3rd period - Trevor Lewis is hit by Jonathan Ferland and loses puck.
16:54 of 3rd period - Penalty to Austin Poganski is over, Austin Poganski is back on ice.
16:58 of 3rd period - Brayden Point is hit by Eric Mestery and loses puck.
18:11 of 3rd period - Joonas Lyytinen is hit by Mikko Vainonen and loses puck.
19:37 of 3rd period - Jesper Pettersson is hit by Jonathan Ferland and loses puck.
Goals for this period are 1 for Senators vs 1 for Bears.
Shots for this period are 10 for Senators vs 5 for Bears.